 Dungeon Crawl Stone Soup version 0.29-a0-824-gd827844252 (webtiles) character file.

Game seed: 5364577096915178214

16497 buhh the Transmogrifier (level 12, -1/94 (104) HPs)
             Began as an Octopode Transmuter on July 9, 2022.
             Was an Elder of Cheibriados.
             Slain by a spectral orc knight
             ... wielding a +0 long sword
             ... summoned by Nergalle
              (4 damage)
             ... on level 2 of the Lair of Beasts.
             The game lasted 00:20:56 (16628 turns).

buhh the Transmogrifier (Octopode Transmuter)      Turns: 16628, Time: 00:20:57

HP:   -1/94 (104)   AC: 11    Str: 20    XL:     12   Next: 38%
MP:   13/15         EV: 16    Int: 35    God:    Cheibriados [****..]
Gold: 524           SH:  0    Dex: 19    Spells: 5/15 levels left

rFire   x . .      SeeInvis +     - Unarmed
rCold   + + +      Faith    .   (shield currently unavailable)
rNeg    . . .      Spirit   .   (helmet currently unavailable)
rPois   +          Reflect  .   (no amulet)
rElec   .          Harm     .   b - ring of willpower
rCorr   +          Rampage  .   g - ring of poison resistance
Will    ++++.                   n - ring of see invisible
Stlth   ++........              D - ring of protection from cold
HPRegen 0.25/turn               m - ring of the Heavens {Will+++ rCorr Int+6 Dex-4 Stlth-}
MPRegen 0.14/turn               (no ring)
                                (no ring)
                                (no ring)

@: lethally poisoned (-1 -> -3), ice-form, drained, very slow
A: freezing attack, boosted hp, almost no armour, amphibious, 8 rings, large,
(camouflage 1), (gelatinous body 1), (nimble swimmer 1), (tentacles)
a: End Transformation, Renounce Religion, Bend Time, Temporal Distortion, Slouch


You were on level 2 of the Lair of Beasts.
You worshipped Cheibriados.
Cheibriados was greatly pleased with you.
You were a creature of crystalline ice.
You visited 3 branches of the dungeon, and saw 12 of its levels.
You also visited: Ossuary.

You collected 737 gold pieces.
You spent 213 gold pieces at shops.

Inventory:

Missiles
 k - a throwing net
 B - a curare-tipped dart
 E - 15 poisoned darts
Magical Staves
 p - a staff of conjuration
 q - a staff of cold
 u - a staff of poison
 H - a staff of conjuration
Jewellery
 b - a ring of willpower (left front paw)
 g - a ring of poison resistance (right front paw)
 l - a +6 ring of strength
 m - the ring of the Heavens (on tentacle) {Will+++ rCorr Int+6 Dex-4 Stlth-}
   (You acquired it on level 5 of the Dungeon)

   [ring of intelligence]

   Int:       It affects your intelligence (+6).
   Dex:       It affects your dexterity (-4).
   rCorr:     It protects you from acid and corrosion.
   Will:      It greatly increases your willpower.
   Stlth:     It makes you less stealthy.
 n - a ring of see invisible (on tentacle)
 D - a ring of protection from cold (on tentacle)
 N - a +4 ring of protection
Wands
 v - a wand of digging (8)
 w - a wand of charming (3)
 z - a wand of flame (4)
 F - a wand of roots (7)
Scrolls
 c - 2 scrolls of blinking {!d}
 d - 2 scrolls of silence {!r}
 f - 4 scrolls of fog
 r - 2 scrolls of vulnerability
 t - 3 scrolls of teleportation {!d}
 y - a scroll of brand weapon
 C - 4 scrolls of noise
 K - a scroll of amnesia {unknown}
 M - 2 scrolls of summoning {unknown}
 O - 4 scrolls of immolation {!d}
 P - 5 scrolls of magic mapping {!r!d}
 R - 2 scrolls of torment
 Z - 3 scrolls of enchant armour
Potions
 a - 2 potions of cancellation {unknown}
 e - 3 potions of degeneration {unknown}
 h - 3 potions of might {unknown}
 i - 5 potions of curing {unknown}
 j - 3 potions of ambrosia {unknown}
 o - 5 potions of haste {unknown}
 s - 2 potions of invisibility {unknown}
 x - 2 potions of berserk rage {unknown}
 A - 4 potions of magic {unknown}
 G - a potion of attraction {unknown}
 I - a potion of mutation {unknown}
 J - a potion of flight {unknown}
 L - a potion of resistance {!q!d}


   Skills:
 + Level 9.7 Fighting
 + Level 9.7 Dodging
 - Level 3.0 Stealth
 + Level 9.7 Unarmed Combat
 - Level 2.0 Spellcasting
 - Level 10.0 Transmutations
 - Level 6.0 Ice Magic
 - Level 1.0 Poison Magic


You had 5 spell levels left.
You knew the following spells:

 Your Spells              Type           Power      Damage    Failure   Level
a - Beastly Appendage     Tmut           100%       N/A       1%          1
b - Wereblood             Tmut           65%        N/A       1%          2
c - Spider Form           Tmut/Pois      42%        N/A       1%          3
d - Ice Form              Ice/Tmut       56%        N/A       1%          4

Your spell library contained the following spells:

 Spells                   Type           Power      Damage    Failure   Level
 Passwall                 Tmut/Erth      31%        N/A       1%          2
 Ensorcelled Hibernation  Hex/Ice        48%        N/A       2%          2
 Blade Hands              Tmut           32%        N/A       2%          5
 Apportation              Tloc           6%         N/A       5%          1
 Foxfire                  Conj/Fire      12%        2x1d4     5%          1
 Necrotise                Necr           12%        1d4       5%          1
 Summon Small Mammal      Summ           12%        N/A       5%          1
 Confusing Touch          Hex            3%         N/A       17%         3
 Conjure Flame            Conj/Fire      3%         6-21      17%         3
 Gell's Gravitas          Tloc           3%         N/A       17%         3
 Inner Flame              Hex/Fire       3%         N/A       17%         3
 Lesser Beckoning         Tloc           3%         N/A       17%         3
 Portal Projectile        Hex/Tloc       6%         N/A       17%         3
 Swiftness                Air            3%         N/A       17%         3
 Teleport Other           Tloc           3%         N/A       17%         3
 Tukima's Dance           Hex            3%         N/A       17%         3
 Yara's Violent Unravell  Hex/Tmut       19%        3d9       21%         5
 Flame Wave               Conj/Fire      3%         2d4       50%         4
 Passage of Golubria      Tloc           3%         N/A       50%         4
 Summon Lightning Spire   Summ/Air       3%         N/A       50%         4
 Storm Form               Tmut/Air       19%        N/A       99%         7
 Enfeeble                 Hex            1%         N/A       100%        7
 Maxwell's Capacitive Co  Air            1%         ∞         100%        8


Dungeon Overview and Level Annotations

Branches:
Dungeon (9/15) Zot: 39269  Temple (1/1) D:7 Zot: 8747    Lair (2/6) D:9 Zot: 13761
Ossuary (visited)
  Swamp: Lair:2-4    Shoals: Lair:2-4     Snake: Lair:2-4    Spider: Lair:2-4
    Orc: D:9-12

Altars:
Ashenzari
Cheibriados
Dithmenos
Elyvilon
Fedhas
Gozag
Hepliaklqana
Makhleb
Nemelex Xobeh
Okawaru
Qazlal
Trog
Uskayaw
Vehumet
Wu Jian
Xom
Zin
The Shining One

Shops:
D:4 :

Annotations:
D:3 1 exclusion
D:6 1 runed translucent door, Crazy Yiuf
Lair:2 Nergalle


Innate Abilities, Weirdness & Mutations

You are a creature of crystalline ice.
You have a powerful freezing melee attack.
Your maximum health is increased.
Your armour is entirely melded.
You are incapable of wielding weapons or throwing items.
You cannot wear most types of armour.
You are amphibious.
You can wear up to eight rings at the same time.
((Your skin changes colour to match your surroundings (Stealth+).))
((Your rubbery body absorbs attacks. (AC +1, EV +1)))
((You are camouflaged when in or above water. (Stealth+)))
((You have tentacles for arms and can constrict up to eight enemies at once.))


Message History

Nergalle casts a spell at you.
Orcish apparitions take form around you.
You hit Nergalle but do no damage.
Nergalle is moderately wounded.
You feel sick. The spectral orc misses you.
Nergalle hits you but does no damage.
You punch Nergalle! You freeze Nergalle.
Nergalle is heavily wounded.
You feel sick.
The spectral orc knight hits you with a +0 long sword!
You feel drained. The spectral orc misses you.
Nergalle hits you but does no damage.
You pummel Nergalle!! You freeze Nergalle.
Nergalle is almost dead.
You feel sick.
The spectral orc knight barely misses you.
You hit Nergalle but do no damage.
Nergalle is almost dead.
The spectral orc hits you but does no damage.
Nergalle hits you but does no damage.
The spectral orc knight hits you with a +0 long sword!
You hit Nergalle but do no damage.
Nergalle is almost dead.
You feel sick. The spectral orc closely misses you.
Nergalle hits you but does no damage.
The spectral orc knight hits you with a +0 long sword!!
* * * LOW HITPOINT WARNING * * *
You feel drained.
* * * LOW HITPOINT WARNING * * *
You hit Nergalle. You freeze Nergalle.
Nergalle is almost dead.
You feel sick.
The spectral orc hits you but does no damage.
Nergalle hits you with a +0 vampiric dagger.
* * * LOW HITPOINT WARNING * * *
Nergalle draws strength from your wounds!
The spectral orc knight hits you with a +0 long sword!
* * * LOW HITPOINT WARNING * * *
You feel drained.
You die...

..# ♣♣.♣♣ ♣...... ..#
♣♣.♣ ♣♣..... ..# ♣.♣♣
♣<.... ..# ♣♣.♣♣ ♣.....
..# ♣♣.♣♣ ♣♣.... ..#
###.###♣.... ..#
♣♣#♣#8#.#8#♣.... ..#
♣..♣♣♣##..........♣....
..#
♣..ZoYZZ..............
..#
##..Z##...............
P.#
♣....+................
..#
♣.....##..........♣....
..#
♣..♣...#P♣#♣#8#♣#8#P....
..# .. .♣..#. ###
###..... ..# . ♣♣.♣♣#♣
♣...... ..# ♣ ♣......
..# ♣......


You could see Nergalle, a spectral orc (summoned), a spectral orc warrior
(summoned) and 2 spectral orc knights.

Vanquished Creatures
  2 hydras (Lair:1)
  Joseph (D:8)
  A black mamba (Lair:2)
  8 cane toads
  5 komodo dragons
  A troll (D:9)
  8 blink frogs (Lair:2)
  Prince Ribbit (Lair:2)
  2 wyverns
  Eustachio (D:6)
  3 shadows
  11 yaks
  A basilisk (Lair:1)
  Edmund (D:6)
  2 humans (D:7)
  5 water moccasins
  An acid dragon (D:5)
  6 orc warriors
  2 sky beasts (D:7)
  4 black bears
  4 wolves (Lair:1)
  An ogre (D:7)
  2 centaurs (D:6)
  3 phantoms
  3 kobold brigands (D:9)
  2 necrophages
  A gnoll sergeant (D:8)
  8 bullfrogs
  6 scorpions
  14 wights
  A killer bee (D:9)
  A howler monkey (D:8)
  5 centaur zombies (Ossuary)
  3 hounds (D:6)
  2 human zombies (Ossuary)
  5 jellies
  8 orc priests
  A scorpion zombie (Ossuary)
  9 iguanas
  13 orc wizards
  3 mummies (Ossuary)
  8 gnolls
  7 adders
  A white imp (D:6)
  An ufetubus (D:6)
  2 worms
  A dart slug (D:1)
  48 orcs
  6 ball pythons
  7 bats
  11 endoplasms
  3 giant cockroaches
  18 goblins
  10 hobgoblins
  3 jackals (D:1)
  4 quokkas
  5 frilled lizards
  A goblin zombie (Ossuary)
  2 hobgoblin zombies (Ossuary)
  25 kobolds
  4 orc zombies (Ossuary)
  8 rats
336 creatures vanquished.

Vanquished Creatures (others)
  7 fungi
  12 plants
  5 toadstools (D:3)
24 creatures vanquished.

Grand Total: 360 creatures vanquished

Notes
Turn   | Place    | Note
-------+----------+-------------------------------------------
     0 | D:1      | buhh the Octopode Transmuter began the quest for the Orb.
     0 | D:1      | Reached XP level 1. HP: 13/13 MP: 3/3
   231 | D:1      | Reached XP level 2. HP: 15/18 MP: 3/5
   750 | D:1      | Reached XP level 3. HP: 18/23 MP: 4/6
  1778 | D:2      | Reached XP level 4. HP: 27/29 MP: 5/7
  1962 | D:2      | Identified the +8 quarterstaff of Axitz {drain, rElec
                  | Str+6}
  2959 | D:3      | Reached XP level 5. HP: 35/35 MP: 6/8
  3215 | D:3      | Found a faded altar of an unknown god.
  3978 | D:4      | Reached XP level 6. HP: 42/42 MP: 9/9
  4344 | D:4      | Learned a level 2 spell: Wereblood
  4348 | D:4      | Learned a level 3 spell: Spider Form
  4532 | D:4      | Found Waec Sidgh's Book Shoppe.
  4583 | D:5      | Entered Level 5 of the Dungeon
  4656 | D:5      | Noticed a water moccasin
  4667 | D:5      | Found a sand-covered staircase.
  4673 | Ossuary  | Entered an ossuary
  4745 | Ossuary  | Reached XP level 7. HP: 40/47 MP: 8/10
  4928 | Ossuary  | Reached skill level 5 in Unarmed Combat
  4928 | Ossuary  | Reached skill level 3 in Transmutations
  5367 | Ossuary  | Reached XP level 8. HP: 34/54 MP: 11/11
  5373 | Ossuary  | Reached skill level 5 in Dodging
  5981 | D:5      | Reached skill level 5 in Fighting
  6435 | D:5      | Found Umua's Magic Scroll Boutique.
  6435 | D:5      | Noticed a shadow
  6788 | D:6      | Learned a level 4 spell: Ice Form
  6887 | D:6      | Noticed Eustachio
  6901 | D:6      | Found a runed translucent door.
  6902 | D:6      | Noticed Crazy Yiuf
  6991 | D:6      | Reached skill level 4 in Transmutations
  7185 | D:6      | Noticed Edmund
  7199 | D:6      | Killed Edmund
  7524 | D:6      | Reached XP level 9. HP: 59/62 MP: 9/12
  7538 | D:6      | Reached skill level 5 in Transmutations
  7726 | D:6      | Reached skill level 5 in Ice Magic
  8165 | D:6      | Reached skill level 6 in Transmutations
  8372 | D:6      | Killed Eustachio
  8373 | D:6      | Reached skill level 7 in Transmutations
  8779 | D:7      | Reached skill level 8 in Transmutations
  8798 | D:7      | Reached XP level 10. HP: 63/68 MP: 9/13
  8960 | D:7      | Reached skill level 9 in Transmutations
  9007 | D:7      | Found a shadowy altar of Dithmenos.
  9007 | D:7      | Found a burning altar of Makhleb.
  9008 | D:7      | Found an ornate altar of the Wu Jian Council.
  9831 | D:7      | Found a staircase to the Ecumenical Temple.
  9846 | Temple   | Entered the Ecumenical Temple
 10005 | Temple   | Became a worshipper of Cheibriados the Contemplative
 10122 | D:5      | Bought a scroll of magic mapping for 38 gold pieces
 10122 | D:5      | Bought a scroll of teleportation for 33 gold pieces
 10122 | D:5      | Bought a scroll of fog for 22 gold pieces
 10122 | D:5      | Bought a scroll of identify for 22 gold pieces
 10122 | D:5      | Bought a scroll of magic mapping for 38 gold pieces
 10122 | D:5      | Bought a scroll of fear for 38 gold pieces
 10122 | D:5      | Bought a scroll of identify for 22 gold pieces
 10124 | D:5      | Identified a scroll of acquirement
 10140 | D:5      | Acquired the ring of the Heavens {Will+++ rCorr Int+6 Dex-4
                  | Stlth-}
 10255 | D:7      | Found an iron altar of Okawaru.
 10307 | D:7      | Found a sparkling altar of Nemelex Xobeh.
 11226 | D:8      | Reached skill level 10 in Transmutations
 11424 | D:8      | Noticed Joseph
 11435 | D:8      | Killed Joseph
 11754 | D:8      | Reached * piety under Cheibriados
 12121 | D:9      | Reached ** piety under Cheibriados
 12178 | D:9      | Found a staircase to the Lair.
 12299 | D:9      | Reached XP level 11. HP: 41/74 MP: 12/14
 12578 | D:9      | Noticed a red ugly thing
 12802 | D:9      | Reached *** piety under Cheibriados
 12833 | D:9      | HP: 4/90 [red ugly thing (33)]
 13154 | Lair:1   | Entered Level 1 of the Lair of Beasts
 13280 | Lair:1   | Noticed a six-headed hydra
 13286 | Lair:1   | Killed a six-headed hydra
 13395 | Lair:1   | You fall into a shaft and drop 1 floor!
 13630 | Lair:2   | Reached skill level 8 in Fighting
 13630 | Lair:2   | Reached skill level 8 in Dodging
 13630 | Lair:2   | Reached skill level 8 in Unarmed Combat
 14425 | Lair:2   | Noticed Prince Ribbit
 14455 | Lair:2   | Killed Prince Ribbit
 14756 | Lair:2   | Found a sparkling altar of Nemelex Xobeh.
 14794 | Lair:1   | Reached XP level 12. HP: 85/85 MP: 9/15
 14801 | Lair:1   | Reached **** piety under Cheibriados
 15506 | Lair:1   | Noticed an eight-headed hydra
 15518 | Lair:1   | Killed an eight-headed hydra
 16612 | Lair:2   | Noticed Nergalle
 16628 | Lair:2   | HP: 3/97 [spectral orc knight/+0 long sword[Nergalle] (13)]
 16628 | Lair:2   | Slain by a spectral orc knight

Illustrated notes

Levels and vault maps discovered:
D:1:      wheals_arrival_linesprint, layout_loops_ring
D:2:      layout_loops_ring
D:3:      cheibrodos_fertilizer, layout_basic,
          dreamdust_ecumenical_altar_statues, wad_rectangle_vault
D:4:      layout_loops_cross, serial_shops, kennysheep_mini_moat
D:5:      layout_cave_pods, enter_ossuary_5, kennysheep_small_square
D:6:      kennysheep_windowed_halls, layout_rooms, minmay_misc_feat_hallway,
          grunt_ministairs_12, ebering_dispersal_statue_hall,
          uniq_crazy_yiuf_cottage, uniq_eustachio, uniq_edmund
D:7:      layout_rooms, nemelex_dance_club_becter, okawaru_humans,
          gammafunk_temple_overflow_forgotten, minmay_temple_entry_trees,
          minmay_stone_trees_large, minmay_misc_feat_secret_circle
D:8:      layout_basic, special_room [special_room_orc], uniq_joseph
D:9:      layout_basic, mainiacjoe_overflow_surrounded_room, dpeg_oklobed_lair,
          minmay_chambers_of_fives
Temple:   hellmonk_temple_forest_ring
Lair:1:   layout_concentric_octagons, columned_hall_lemuel, beast_lair_carwin_3
Lair:2:   wad_woods_structure_01, layout_regular_city, basic_altar,
          lemuel_fruit_fields, uniq_nergalle, uniq_prince_ribbit2

Skill      XL: |  1  2  3  4  5  6  7  8  9 10 11 |
---------------+----------------------------------+-----
Stealth        | 1 2 3 |  3.0
Poison Magic   | 1 |  1.0
Fighting       | 2 3 4 5 6 9 |  9.7
Dodging        | 3 4 6 9 |  9.7
Unarmed Combat | 4 5 6 9 |  9.7
Transmutations | 3 4 8 10 | 10.0
Ice Magic      | 2 5 6 |  6.0
Spellcasting   | |  2.0

Action                   |  1- 3 |  4- 6 |  7- 9 | 10-12 || total
-------------------------+-------+-------+-------+-------++-------
Melee: Unarmed           |    90 |   161 |   298 |   470 ||  1019
       Kick              |    23 |    50 |    76 |       ||   149
       Constrict         |    24 |    34 |    34 |       ||    92
       Tentacles         |    12 |    24 |    59 |       ||    95
       Punch             |     2 |     8 |     8 |       ||    18
 Cast: Beastly Appendage |    29 |    36 |    35 |       ||   100
       Spider Form       |       |     2 |     6 |       ||     8
       Wereblood         |       |       |     4 |    26 ||    30
       Ice Form          |       |       |     6 |    56 ||    62
Evoke: Wand              |       |       |     1 |     5 ||     6
  Use: Potion            |     1 |     2 |     4 |     1 ||     8
       Scroll            |       |     8 |     3 |    11 ||    22
 Stab: Sleeping          |     9 |    13 |     3 |       ||    25
Armor: Skin              |     6 |    28 |   108 |   137 ||   279
Dodge: Dodged            |    41 |    93 |   223 |   276 ||   633

Table legend: (Time is in decaauts)
 A = Elapsed time spent in this place.
 B = Non-inter-level travel time spent in this place.
 C = Inter-level travel time spent in this place.
 D = Time resting spent in this place.
 E = Time spent auto-exploring this place.
 F = Levels seen in this place.
 G = Mean time per level.
                   A        B        C        D        E       F      G
               +--------+--------+--------+--------+--------+-----+--------+
         Total |  17815 |  17260 |    555 |    781 |  13885 |  13 | 1370.4 |
       Dungeon |  12364 |  11940 |    424 |    236 |   9782 |   9 | 1373.8 |
        Temple |    173 |    147 |     26 |      0 |    136 |   1 |  173.0 |
          Lair |   4237 |   4132 |    105 |      0 |   3765 |   2 | 2118.5 |
       Ossuary |   1039 |   1039 |      0 |    545 |    201 |   1 | 1039.0 |
               +--------+--------+--------+--------+--------+-----+--------+

Top non-repeatable levels by time:
  Lair:2: 2211 daAuts
  Lair:1: 2025 daAuts
     D:8: 1835 daAuts
     D:6: 1803 daAuts
     D:7: 1694 daAuts
     D:1: 1600 daAuts
     D:5: 1236 daAuts
     D:9: 1231 daAuts
     D:3: 1160 daAuts
 Ossuary: 1039 daAuts
     D:2: 917 daAuts
     D:4: 886 daAuts
  Temple: 173 daAuts
